 Dungeon Crawl Stone Soup version 0.32-a0-42-ga30500b4d3 (webtiles) character file.

Game seed: 976262978271678841

752 Radiant the Conjurer (level 7, 0/50 HPs)
             Began as a Yellow Draconian Conjurer on Jan 31, 2024.
             Succumbed to a scorpion's poison
             ... on level 4 of the Dungeon on Feb 1, 2024.
             The game lasted 00:18:34 (5295 turns).

Radiant the Conjurer (Yellow Draconian Conjurer)    Turns: 5295, Time: 00:18:34

Health: 0/50       AC:  6    Str:  9    XL:     7   Next: 49%
Magic:  0/12       EV: 27    Int: 21    God:
Gold:   225        SH:  0    Dex:  9    Spells: 6/13 levels left

rFire   . . .        (no weapon)
rCold   . . .        (no shield)
rNeg    . . .        (body armour unavailable)
rPois   .            (helmet restricted)
rElec   .            (no cloak)
rCorr   +            (no gloves)
SInv    .            (no boots)
Will    .....        j - amulet of the acrobat
Stlth   ++           g - ring of ice
HPRegen 0.28/turn    c - ring of fire
MPRegen 0.13/turn

%: acrobat
@: lethally poisoned (0 -> -6), acrobatic
A: spit acid, AC +6, unfitting armour, cold-blooded, acid resistance
a: Breathe Acid


You were on level 4 of the Dungeon.
You visited 1 branch of the dungeon, and saw 4 of its levels.

You collected 225 gold pieces.

Inventory:

Jewellery
 c - a ring of fire (right hand)
 g - a ring of ice (left hand)
 j - an amulet of the acrobat (around neck)
 k - a ring of fire
Scrolls
 a - a scroll of fear {unknown}
 d - a scroll of teleportation
 e - a scroll of revelation
 f - a scroll of vulnerability
Potions
 h - a potion of attraction
 i - a potion of mutation
 m - a potion of lignification {unknown}
 n - a potion of enlightenment {unknown}


   Skills:
 + Level 3.6 Dodging
 + Level 4.0 Stealth
 + Level 3.7 Spellcasting
 + Level 5.3 Conjurations
 * Level 3.8 Alchemy


You had 6 spell levels left.
You knew the following spells:

 Your Spells              Type           Power      Damage    Failure   Level
a - Magic Dart            Conj           100%       1d8       1%          1
b - Searing Ray           Conj           52%        2d6       1%          2
c - Fulminant Prism       Conj/Alch      11%        3d9       19%         4

Your spell library contained the following spells:

 Spells                   Type           Power      Damage    Failure   Level
 Iskenderun's Mystic Bla  Conj/Tloc      15%        2d5       38%         4


Dungeon Overview and Level Annotations

Branches:
Dungeon (4/15)
 Temple: D:4-7

Altars:
Ashenzari

Shops:
D:1 =


Innate Abilities, Weirdness & Mutations

You can spit globs of acid.
Your golden yellow scales are hard. (AC +6)
You cannot fit into any form of body armour.
You are cold-blooded and may be slowed by cold attacks.
You are resistant to acid. (rCorr)


Message History

You tail-slap the scorpion, but do no damage.
The scorpion is almost dead.
The scorpion stings you.
You are poisoned.
The scorpion poisons you! The scorpion barely misses you.
You hit the scorpion but do no damage.
Your tail-slap misses the scorpion.
The scorpion is almost dead.
You feel very sick. The scorpion stings you.
Casting: Magic Dart (safe; 1% risk of failure)
Confirm with . or Enter, or press ? or * to list all spells.
Aiming: Magic Dart (safe; 1% risk of failure)
Press: ? - help, Shift-Dir - straight line, f/p - scorpion
Aim: a scorpion (almost dead, 100% to hit)
The magic dart hits the scorpion but does no damage.
The scorpion is almost dead.
You feel very sick. The scorpion closely misses you.
You hit the scorpion but do no damage.
The scorpion is almost dead.
You feel sick. The scorpion stings you.
You are lethally poisoned!
The scorpion poisons you!
You hit the scorpion but do no damage.
The scorpion is almost dead.
* * * LOW HITPOINT WARNING * * *
You feel very sick. The scorpion closely misses you.
You barely miss the scorpion.
The scorpion is almost dead.
* * * LOW HITPOINT WARNING * * *
You feel very sick. The scorpion barely misses you. The scorpion stings you.
* * * LOW HITPOINT WARNING * * *
* * * LOW HITPOINT WARNING * * *
You feel very sick. The scorpion attacks as it pursues you!
The scorpion closely misses you.
* * * LOW HITPOINT WARNING * * *
You feel sick.
You die...

#.###'#..............#
#.....#..............'
#.....#..............#
#.....#..............#
#..##.#..............#
#####.##############..
#####....#...#......#..
##........#...#......#..
#......@.s....+..# #..
#..####....#.##s.# ##+
#..# ##...#.##..## ###..#
##.........# #....##
##.........#
#.#...####..........# .
#.#....##...........# .
##.#............##..##.#
#.........###....#..##.###


You could see a scorpion.

Vanquished Creatures
  Sigmund (D:4)
  The ghost of ranchalot the Insei, an amateur OpSh (D:4)
  An ice beast (D:4)
  An ogre (D:4)
  2 hounds (D:4)
  A gnoll bouda (D:4)
  An iguana (D:4)
  Robin (D:2)
  6 adders
  4 gnolls
  A hound simulacrum (D:4)
  3 dart slugs
  A ribbon worm (D:2)
  2 adder simulacra (D:4)
  2 orcs (D:4)
  7 ball pythons
  8 bats
  3 endoplasms
  A giant cockroach (D:1)
  9 goblins
  6 hobgoblins
  A jackal (D:2)
  3 quokkas
  2 frilled lizards (D:3)
  A kobold (D:2)
  5 rats
74 creatures vanquished.

Vanquished Creatures (others)
  5 fulminant prisms (D:4)
5 creatures vanquished.

Grand Total: 79 creatures vanquished

Notes
Turn   | Place    | Note
-------+----------+-------------------------------------------
     0 | D:1      | Radiant the Draconian Conjurer began the quest for the Orb.
     0 | D:1      | Reached XP level 1. HP: 14/14 MP: 3/3
    46 | D:1      | Found Sousah's Jewellery Shop.
   161 | D:1      | You fall into a shaft and drop 1 floor!
   285 | D:2      | Reached XP level 2. HP: 20/20 MP: 3/5
   331 | D:2      | Learned a level 2 spell: Searing Ray
  1088 | D:1      | Reached XP level 3. HP: 26/26 MP: 2/6
  1629 | D:2      | Noticed Robin
  1683 | D:2      | Killed Robin
  2433 | D:2      | Reached XP level 4. HP: 33/33 MP: 0/7
  3259 | D:3      | Learned a level 4 spell: Fulminant Prism
  3808 | D:3      | Found a broken altar of Ashenzari.
  4136 | D:4      | Noticed an ogre
  4139 | D:4      | Killed an ogre
  4140 | D:4      | Reached skill level 1 in Alchemy
  4140 | D:4      | Reached XP level 5. HP: 20/38 MP: 1/9
  4231 | D:4      | Found a runed translucent gate.
  4231 | D:4      | Found a runed translucent gate.
  4232 | D:4      | Found a runed translucent gate.
  4263 | D:4      | Noticed ranchalot's ghost (amateur OpSh)
  4264 | D:4      | Noticed an ice beast
  4326 | D:4      | Killed ranchalot's ghost
  4326 | D:4      | HP: 1/38 [spore (30)]
  4327 | D:4      | Reached skill level 5 in Conjurations
  4327 | D:4      | Reached XP level 6. HP: 1/45 MP: 0/10
  4642 | D:4      | Killed an ice beast
  4923 | D:4      | Your scales start taking on a golden yellow colour.
  4923 | D:4      | Reached XP level 7. HP: 43/50 MP: 3/12
  4923 | D:4      | Gained mutation: You are resistant to acid. (rCorr) [Yellow
                  | Draconian growth]
  5234 | D:4      | Noticed Sigmund
  5239 | D:4      | Killed Sigmund
  5294 | D:4      | HP: 2/50 [poisoned by a scorpion]
  5295 | D:4      | Succumbed to a scorpion's poison

Illustrated notes

Levels and vault maps discovered:
D:1:      wander_arrival_desolate, layout_basic, serial_shops,
          nicolae_shop_gaudy_bauble, minmay_tiny_reverse_x
D:2:      minmay_chambers_of_twos, layout_basic, uniq_robin
D:3:      layout_basic, general_overflow_altar, serial_co_window_serial,
          co_window_paths_a, co_window_paths_a, co_window_cross_1,
          co_window_paths_a, co_window_cross_1, co_window_of_opportunity_a,
          co_window_paths_b, co_window_corner_a, co_window_paths_a,
          co_window_corner_b, co_window_paths_c, co_window_2corner,
          co_window_corner_cb, co_window_of_opportunity_b, co_window_4corner_a,
          co_window_paths_e, glass_columns_a, glass_columns_a, glass_columns_b,
          glass_columns_a
D:4:      layout_gridville, gup_sewer_entry_bubbles, gammafunk_ghost_icy,
          hangedman_decor_growths, uniq_blork_the_orc, uniq_sigmund

Skill      XL: |  1  2  3  4  5  6  7 |
---------------+----------------------+-----
Stealth        | 2 3 4 |  4.0
Dodging        | 2 3 |  3.6
Spellcasting   | 3 |  3.7
Alchemy        | 1 2 3 |  3.8
Conjurations   | 5 |  5.3

Action                     |  1- 3 |  4- 6 |  7- 9 || total
---------------------------+-------+-------+-------++-------
  Melee: Unarmed           |       |    24 |    24 ||    48
         Tailslap          |       |     1 |     2 ||     3
   Cast: Magic Dart        |    48 |    24 |     4 ||    76
         Searing Ray       |    11 |    23 |     7 ||    41
         Fulminant Prism   |       |     4 |     1 ||     5
    Use: Scroll            |       |     8 |       ||     8
         Potion            |       |     2 |     4 ||     6
 Armour: Skin              |     3 |    31 |    21 ||    55
  Dodge: Dodged            |    19 |    73 |    27 ||   119

Table legend: (Time is in decaauts)
 A = Elapsed time spent in this place.
 B = Non-inter-level travel time spent in this place.
 C = Inter-level travel time spent in this place.
 D = Time resting spent in this place.
 E = Time spent auto-exploring this place.
 F = Levels seen in this place.
 G = Mean time per level.
                   A        B        C        D        E       F      G
               +--------+--------+--------+--------+--------+-----+--------+
         Total |   5298 |   5182 |    116 |    745 |   3678 |   4 | 1324.5 |
       Dungeon |   5298 |   5182 |    116 |    745 |   3678 |   4 | 1324.5 |
               +--------+--------+--------+--------+--------+-----+--------+

Top non-repeatable levels by time:
     D:2: 1969 daAuts
     D:3: 1330 daAuts
     D:4: 1164 daAuts
     D:1: 833 daAuts
